 Dungeon Crawl Stone Soup version bcrawl-1.39.1 (webtiles) character file.

Game seed: 5915385881917349705

447292 Finalfun the Slayer (level 18, -2/184 HPs)
             Began as a Sand Dwarf Spelunker on Sept 22, 2023.
             Was the Champion of Sif Muna.
             Hit by a javelin thrown by a naga warrior (11 damage)
             ... on level 3 of the Snake Pit.
             The game lasted 02:15:41 (36432 turns).

Finalfun the Slayer (Sand Dwarf Spelunker)         Turns: 36432, Time: 02:15:42

Health: -2/184     AC: 27    Str: 21    XL:     18   Next: 7%
Magic:  25/25      EV: 11    Int: 22    God:    Sif Muna [******]
Gold:   1493       SH:  7    Dex: 12    Spells: 15/21 levels left

rFire    . . .     GDR:     35% w - +3 demon whip of Plunder {freeze, MR+ Dex+5}
rCold    . . .     SeeInvis .   O - +0 buckler
rNeg     . . .     Gourm    .   T - +2 plate armour {MR+}
rPois    +         Faith    +   K - +2 helmet {Int+3}
rElec    +         Spirit   .   Z - +2 cloak
rCorr    +         Reflect  .   (no gloves)
MR       +++++                  c - +0 pair of boots
Stlth    ..........             y - amulet of faith
HPRegen  0.40/turn              a - ring of resist corrosion
MPRegen  0.19/turn              B - ring of Iplorr {rElec rPois MR+ Str+2 Dex-3}

@: lethally poisoned (-2 -> -25), studying Transmutations, slow
A: small, slowness 1, armour attunement
a: Divine Energy, Channel Magic, Forget Spell, Moment of Magic, Renounce
Religion


You were on level 3 of the Snake Pit.
You worshipped Sif Muna.
Sif Muna was exalted by your worship.
You were not hungry.

You visited 5 branches of the dungeon, and saw 24 of its levels.

You collected 2550 gold pieces.
You spent 1057 gold pieces at shops.

Inventory:

Hand Weapons
 w - the +3 demon whip of Plunder (weapon) {freeze, MR+ Dex+5}
   (You acquired it on level 12 of the Dungeon)

   It has been specially enchanted to freeze those struck by it, increasing
   damage dealt by approximately one third against foes not resistant or
   susceptible to cold, and potentially slowing cold-blooded foes.
   It affects your dexterity (+5).
   It affects your resistance to hostile enchantments.
Missiles
 F - a throwing net {=f}
 J - 503 poisoned tomahawks (quivered)
Armour
 c - a +0 pair of boots (worn)
 K - a +2 helmet of intelligence (worn)
 O - a +0 buckler (worn)
 T - a +2 plate armour of magic resistance (worn)
 Z - a +2 cloak (worn)
Jewellery
 a - a ring of resist corrosion (left hand)
 p - an uncursed ring of protection from cold
 y - an amulet of faith (around neck)
 B - the ring of Iplorr (right hand) {rElec rPois MR+ Str+2 Dex-3}
   (You acquired it in the Orcish Mines)

   [ring of strength]

   It affects your strength (+2).
   It affects your dexterity (-3).
   It insulates you from electricity.
   It protects you from poison.
   It affects your resistance to hostile enchantments.
Wands
 b - a wand of polymorph (15)
 d - a wand of digging (12)
 m - a wand of iceblast (16)
 z - a wand of flame (54)
 V - a wand of paralysis (10)
 X - a wand of disintegration (18)
 Y - a wand of clouds (4)
Scrolls
 f - 2 scrolls of revelation
 l - 11 scrolls of remove curse
 o - 5 scrolls of fog
 r - 3 scrolls of enchant weapon
 s - 2 scrolls of summoning
 t - 2 scrolls of fear
 u - 5 scrolls of amnesia
 x - a scroll of silence
 C - 3 scrolls of immolation
 D - a scroll of torment
 I - 2 scrolls of brand weapon
 M - 3 scrolls of teleportation
 R - 3 scrolls of blinking
Potions
 h - 4 potions of haste
 j - a potion of cancellation
 k - 5 potions of might
 q - 5 potions of lignification
 v - 4 potions of magic
 A - a potion of agility
 E - 2 potions of resistance
 G - 3 potions of ambrosia
 H - a potion of berserk rage
 L - 3 potions of flight
 P - 2 potions of brilliance
 S - a potion of curing
 U - a potion of invisibility
Miscellaneous
 g - a lamp of fire
 n - a lightning rod (4/4)
 Q - a phial of floods
Comestibles
 e - 19 rations {!d}


   Skills:
 - Level 22.0 Fighting
   Level 1.5 Short Blades
 - Level 18.0 Maces & Flails
 - Level 14.0 Armour
 - Level 8.0 Dodging
 - Level 3.0 Stealth
 + Level 8.4 Shields
 - Level 2.0 Spellcasting
 - Level 2.0 Hexes
 - Level 2.0 Transmutations
 - Level 4.0 Ice Magic
 - Level 3.0 Earth Magic
 - Level 8.0 Invocations
 - Level 10.0 Evocations


You had 15 spell levels left.
You knew the following spells:

 Your Spells              Type           Power        Failure   Level  Hunger
a - Corona                Hex            ##.....      12%         1    None
b - Passwall              Tmut/Erth      ##......     14%         2    ##.....
c - Ozocubu's Armour      Chrm/Ice       ##......     34%         3    ####...

Your spell library contained the following spells:

 Spells                   Type           Power        Failure   Level  Hunger
 Freeze                   Ice            ###...       5%          1    None
 Sandblast                Erth           ###...       8%          1    None
 Throw Frost              Conj/Ice       ##....       8%          2    ##.....
 Beastly Appendage        Tmut           ##....       12%         1    None
 Slow                     Hex            ##......     12%         1    None
 Sticks to Snakes         Tmut           ##......     19%         2    ##.....
 Apportation              Tloc           #.....       26%         1    None
 Infusion                 Chrm           #.......     26%         1    None
 Necrotize                Necr           #.....       26%         1    None
 Summon Butterflies       Summ           #.......     26%         1    None
 Call Imp                 Summ           #.....       38%         2    ##.....
 Swiftness                Chrm/Air       #.......     38%         2    ##.....
 Dazzling Orbs            Conj/Hex       #......      47%         3    ####...
 Inner Flame              Hex/Fire       N/A          47%         3    ####...
 Spectral Weapon          Hex/Chrm       #.......     47%         3    ####...
 Spider Form              Tmut/Pois      #..          47%         3    ####...
 Ice Form                 Ice/Tmut       ###.....     61%         4    ######.
 Beckoning                Tloc           #.........   63%         3    ####...
 Call Canine Familiar     Summ           #.......     63%         3    ####...
 Conjure Flame            Conj/Fire      #.......     63%         3    ####...
 Portal Projectile        Tloc           #.....       63%         3    ####...
 Recall                   Summ/Tloc      N/A          63%         3    ####...
 Regeneration             Chrm/Necr      #.........   63%         3    ####...
 Vampiric Draining        Necr           #.........   63%         3    ####...
 Summon Ice Beast         Ice/Summ       ##......     75%         4    ######.
 Throw Icicle             Conj/Ice       ##......     75%         4    ######.
 Lee's Rapid Deconstruct  Erth           ###.......   91%         5    #######
 Agony                    Necr           #.......     95%         4    ######.
 Animate Dead             Necr           N/A          95%         4    ######.
 Force Lance              Tloc           #.......     95%         4    ######.
 Sticky Flame             Conj/Fire      #.......     95%         4    ######.
 Blade Hands              Tmut           ##........   97%         5    #######
 Freezing Cloud           Ice/Air        ##......     97%         5    #######
 Dispel Undead            Necr           #.......     100%        5    #######
 Iskenderun's Battlesphe  Conj/Chrm      #.......     100%        5    #######
 Passage of Golubria      Tloc           N/A          100%        5    #######
 Piercing Shot            Chrm           #.........   100%        5    #######
 Steam Barrier            Chrm/Fire      #.........   100%        5    #######
 Summon Forest            Summ/Tloc      #.........   100%        5    #######
 Darkness                 Hex            ##........   100%        6    #######
 Death Channel            Chrm/Necr      #.........   100%        6    #######
 Invisibility             Hex            ##......     100%        6    #######
 Simulacrum               Ice/Necr       ##......     100%        6    #######
 Monstrous Menagerie      Summ           #.........   100%        7    #######
 Time Stop                Chrm/Tloc      N/A          100%        8    #######


Dungeon Overview and Level Annotations

Branches:
Dungeon (12/12)            Temple (0/1) D:5            Lair (6/6) D:7
  Swamp (2/3) Lair:2        Snake (3/3) Lair:2        Slime (0/5) Orc
    Orc (1/1) D:10         Vaults (0/3) D:11         Forest (0/3) Lair:6
 Depths (0/5) D:12

Altars:
Ashenzari
Cheibriados
Dithmenos
Elyvilon
Fedhas
Gozag
Lugonu
Makhleb
Nemelex Xobeh
Ru
Sif Muna
Yredelemnul
Zin
The Shining One
Jiyva

Shops:
D:9 *   D:10 (   Orc ?([%

Annotations:
D:3 exclusion: 2 doors
D:4 1 runed door
D:7 3 runed translucent doors, Burana's ghost, novice VSAc
Lair:3 exclusion: oklob plant
Swamp:1 2 transporters, Mehrunes's ghost, journeyman SDEE


Innate Abilities, Weirdness & Mutations

You are small and have problems with some larger weapons.
You cover ground slowly.
Armour does not affect your spellcasting.


Message History

* * * LOW HITPOINT WARNING * * *
You feel very sick.
The black mamba bites you but does no damage.
The black mamba bites you.
* * * LOW HITPOINT WARNING * * *
The naga warrior closely misses you. The naga warrior constricts you.
You escape the naga warrior's grasp.
* * * LOW HITPOINT WARNING * * *
You feel very sick.
The black mamba bites you but does no damage.
Things that are here:
a +0 dagger of venom; a +0 robe
* * * LOW HITPOINT WARNING * * *
You feel very sick. The black mamba barely misses you.
The naga warrior throws a javelin.
The javelin hits you!
* * * LOW HITPOINT WARNING * * *
You block the black mamba's attack.
The naga warrior throws a javelin.
The javelin hits you!
You die...

.#.### .#...###
####......
.#.....########.........
........................
........................
.).....§...........$....
.......§................
.............§§.........
.............§..@.......
......#........§S§.....#
#....##......N.§......##
######.......§§§.....##
#..............##
#.............## #
##........#####
######........##
.............##


You could see a naga warrior and a black mamba.

Vanquished Creatures
  4 nagarajas
  2 thorn hunters
  An orc warlord (Orc)
  A very ugly thing (Swamp:2)
  A dire elephant (D:12)
  A spark wasp (Lair:5)
  2 minotaurs (D:11)
  3 rakshasas
  12 naga warriors
  12 hydras
  5 anacondas
  6 catoblepae
  A ghost crab (Swamp:1)
  4 vault guards (D:11)
  An ogre mage (D:8)
  9 alligators
  Sonja (Lair:4)
  2 great orbs of eyes
  2 two-headed ogres
  21 death yaks
  An orc high priest (Orc)
  2 tengu warriors
  A queen ant (Lair:2)
  2 sea snakes (Snake:1)
  3 naga sharpshooters
  8 shock serpents
  5 centaur warriors
  3 spriggan druids
  2 goliath frogs
  A salamander mystic (Snake:1)
  2 unseen horrors
  4 naga ritualists
  3 cyclopes
  3 wizards (D:11)
  5 wolf spider zombies
  A necromancer (D:11)
  A wolf spider (D:12)
  Pikel (D:4)
  3 orc knights
  7 ugly things
  5 salamanders
  3 orc sorcerers
  2 mana vipers
  2 manticores (Lair:6)
  2 guardian serpents
  8 elephants (Lair:6)
  30 black mambas
  17 will-o'-wisps
  12 naga magi
  A torpor snail (Lair:5)
  9 cane toads
  5 komodo dragons
  9 yaktaurs (D:11)
  A rime drake (Lair:1)
  2 tengu conjurers
  2 polar bears
  A harpy zombie (D:11)
  4 trolls
  Maurice (D:8)
  6 tyrant leeches
  6 hornets
  12 blink frogs
  4 bog bodies
  4 harpy skeletons (D:12)
  18 slime creatures
  Prince Ribbit (D:8)
  6 hippogriffs
  5 dream sheep (Lair:5)
  Grum (Lair:3)
  A water elemental (D:11)
  Sigmund (D:2)
  6 spriggans
  16 humans (D:11)
  4 wyverns
  48 yaks
  2 basilisks
  A hungry ghost (D:9)
  6 swamp worms
  Edmund (D:5)
  28 nagas
  3 wargs (Orc)
  16 water moccasins
  7 crocodiles
  2 acid dragons (D:12)
  A swamp drake (Swamp:2)
  22 orc warriors
  7 porcupines
  12 soldier ants
  3 ice beasts
  6 phantoms
  4 sky beasts
  5 ogres
  A necrophage (D:10)
  5 boggarts (D:12)
  14 wolves
  A kobold brigand (D:9)
  17 bullfrogs
  A rime drake skeleton (D:10)
  A hornet simulacrum (D:11)
  16 centaurs
  4 scorpions
  2 killer bees (D:8)
  A howler monkey (D:5)
  4 electric eels
  23 orc priests
  4 crimson imps
  A bullfrog zombie (D:8)
  A jelly (D:10)
  5 hounds
  27 orc wizards
  A bullfrog skeleton (D:7)
  2 iguanas
  Ijyb (D:5)
  Terence (D:3)
  41 worker ants
  A hound skeleton (D:3)
  A howler monkey skeleton (D:2)
  11 adders
  13 gnolls
  3 shadow imps
  An ooze (D:1)
  An adder zombie (D:3)
  2 worms
  3 dart slugs
  8 leopard geckos
  104 orcs
  4 bats
  2 giant cockroaches (D:1)
  8 goblins
  6 hobgoblins
  A jackal (D:1)
  7 kobolds
  A quokka (D:8)
  A ball python (D:2)
  3 frilled lizards (D:2)
  8 rats
  3 fungi
896 creatures vanquished.

Vanquished Creatures (others)
  2 slaves (D:4)
  A howler monkey (D:4)
  An orc priest (D:4)
  2 orc wizards
  An adder skeleton (D:4)
  An orc (D:4)
  A quokka (D:8)
  5 fungi
  18 plants
32 creatures vanquished.

Grand Total: 928 creatures vanquished

Notes
Turn   | Place    | Note
-------+----------+-------------------------------------------
     0 | D:1      | Finalfun the Sand Dwarf Spelunker began the quest for the
                  | Orb.
     0 | D:1      | Reached XP level 1. HP: 18/18 MP: 3/3
   120 | D:1      | Reached XP level 2. HP: 21/25 MP: 5/5
   465 | D:1      | Reached XP level 3. HP: 30/30 MP: 6/6
   649 | D:1      | Reached skill level 3 in Fighting
  1051 | D:2      | Noticed Sigmund
  1075 | D:2      | Found a snail-covered altar of Cheibriados.
  1380 | D:2      | Reached XP level 4. HP: 34/38 MP: 7/7
  1549 | D:2      | Noticed a phantom
  1725 | D:3      | Noticed a phantom
  1943 | D:2      | Found a shimmering blue altar of Sif Muna.
  1946 | D:2      | Became a worshipper of Sif Muna the Loreminder
  2112 | D:3      | Reached skill level 1 in Armour
  2125 | D:3      | Reached skill level 1 in Dodging
  2593 | D:3      | Noticed Terence
  2609 | D:3      | Killed Terence
  2610 | D:3      | Reached XP level 5. HP: 30/45 MP: 6/8
  2959 | D:3      | Found a corrupted altar of Lugonu.
  3200 | D:2      | Killed a phantom
  3201 | D:2      | Reached XP level 6. HP: 35/51 MP: 9/9
  3509 | D:3      | Reached skill level 4 in Fighting
  3656 | D:4      | Noticed Pikel
  3668 | D:4      | Noticed a slave
  3668 | D:4      | Noticed a slave
  3671 | D:4      | Noticed a slave
  3675 | D:4      | Noticed a slave
  3682 | D:4      | Killed Pikel
  3683 | D:4      | Reached skill level 5 in Fighting
  3683 | D:4      | Reached skill level 1 in Invocations
  3683 | D:4      | Reached XP level 7. HP: 30/61 MP: 6/10
  3803 | D:4      | Found a sparkling altar of Nemelex Xobeh.
  3826 | D:4      | Reached skill level 1 in Maces & Flails
  3840 | D:4      | Reached XP level 8. HP: 46/68 MP: 11/11
  4038 | D:4      | Got an ichor-stained falchion
  4040 | D:4      | Identified the cursed +1 falchion "Sakiffea" {elec, +Blink}
                  | (You found it on level 4 of the Dungeon)
  4476 | D:4      | Found a runed door.
  4580 | D:5      | Entered Level 5 of the Dungeon
  4623 | D:5      | Noticed Ijyb
  4639 | D:5      | Killed Ijyb
  4796 | D:5      | Noticed Edmund
  4812 | D:5      | Killed Edmund
  4884 | D:5      | Found a glowing golden altar of the Shining One.
  5008 | D:5      | Found a staircase to the Ecumenical Temple.
  5107 | D:6      | Reached skill level 5 in Evocations
  5607 | D:6      | Reached skill level 6 in Fighting
  5694 | D:6      | Found a white marble altar of Elyvilon.
  5935 | D:6      | Reached * piety under Sif Muna
  6363 | D:7      | Noticed a troll
  6387 | D:7      | Reached skill level 7 in Fighting
  6387 | D:7      | Reached XP level 9. HP: 79/79 MP: 12/12
  6455 | D:7      | Reached skill level 8 in Fighting
  6583 | D:7      | Killed a troll
  6620 | D:8      | Found a shadowy altar of Dithmenos.
  6913 | D:7      | Found a runed translucent gate.
  6913 | D:7      | Found a runed translucent gate.
  6913 | D:7      | Found a runed translucent gate.
  6915 | D:7      | Found an opulent altar of Gozag.
  6915 | D:7      | Noticed an eight-headed hydra
  6915 | D:7      | Noticed Burana's ghost (novice VSAc)
  6915 | D:7      | Noticed a five-headed hydra
  6947 | D:7      | Reached skill level 5 in Maces & Flails
  7067 | D:7      | Found a shattered altar of Ashenzari.
  7067 | D:7      | Found a staircase to the Lair.
  7486 | D:7      | Found a glowing silver altar of Zin.
  7516 | D:7      | Found a blossoming altar of Fedhas.
  7653 | Lair:1   | Entered Level 1 of the Lair of Beasts
  7664 | Lair:1   | Noticed an eight-headed hydra
  7679 | Lair:1   | Killed an eight-headed hydra
  7679 | Lair:1   | Noticed a six-headed hydra
  7680 | Lair:1   | Reached XP level 10. HP: 63/88 MP: 12/15
  7807 | Lair:1   | Killed a six-headed hydra
  7808 | Lair:1   | Reached skill level 10 in Maces & Flails
  7925 | Lair:1   | Noticed a black mamba
  7938 | Lair:1   | Killed a black mamba
  8128 | Lair:1   | Reached skill level 10 in Evocations
  8168 | Lair:1   | Identified Sif Muna's Almanac of Boosting Cold (Sif Muna
                  | gifted it to you on level 1 of the Lair of Beasts)
  8168 | Lair:1   | Received a gift from Sif Muna
  8274 | Lair:1   | Reached XP level 11. HP: 87/94 MP: 18/18
  8872 | Lair:1   | Learned a level 3 spell: Ozocubu's Armour
  8900 | Lair:1   | Reached ** piety under Sif Muna
  8900 | Lair:1   | Reached skill level 1 in Ice Magic
  9161 | Lair:2   | Noticed a five-headed hydra
  9496 | Lair:2   | Found a staircase to the Snake Pit.
  9537 | Lair:2   | Reached *** piety under Sif Muna
  9581 | Lair:2   | Killed a five-headed hydra
  9674 | Lair:2   | Noticed a queen ant
  9690 | Lair:2   | Killed a queen ant
  9888 | Lair:2   | Reached skill level 15 in Maces & Flails
 10181 | Lair:2   | Reached XP level 12. HP: 101/101 MP: 19/19
 10183 | Lair:2   | Found a staircase to the Swamp.
 10733 | Lair:3   | Got a buzzing hunting sling
 10980 | Lair:3   | Noticed Grum
 11014 | Lair:3   | Killed Grum
 11193 | Lair:3   | Identified the +6 hunting sling of Vanity {velocity, rPois
                  | rF- Int+3 Stlth+} (You found it on level 3 of the Lair of
                  | Beasts)
 11254 | Lair:3   | Got a crude ring mail
 11981 | Lair:3   | Identified the cursed +0 ring mail of Quantum Leap {Slay+2}
                  | (You found it on level 3 of the Lair of Beasts)
 12086 | Lair:4   | Noticed Sonja
 12095 | Lair:4   | Killed Sonja
 12129 | Lair:4   | Noticed a four-headed hydra
 12134 | Lair:4   | Noticed a great orb of eyes
 12134 | Lair:4   | a four-headed hydra changed into a great orb of eyes
 12165 | Lair:4   | Killed a great orb of eyes
 12697 | Lair:4   | Reached skill level 9 in Fighting
 13411 | Lair:5   | Noticed a death yak
 13423 | Lair:5   | Killed a death yak
 13424 | Lair:5   | Reached skill level 10 in Fighting
 13435 | Lair:5   | Reached **** piety under Sif Muna
 13466 | Lair:5   | Reached skill level 11 in Fighting
 13597 | Lair:5   | Noticed a goliath frog
 13604 | Lair:5   | Reached XP level 13. HP: 116/116 MP: 20/20
 13661 | Lair:5   | Reached skill level 12 in Fighting
 13819 | Lair:5   | Reached skill level 13 in Fighting
 14299 | Lair:5   | Noticed a spark wasp
 14299 | Lair:5   | an eight-headed hydra changed into a spark wasp
 14309 | Lair:5   | Killed a spark wasp
 14310 | Lair:5   | Reached skill level 14 in Fighting
 14805 | Lair:6   | Entered Level 6 of the Lair of Beasts
 14929 | Lair:6   | Reached skill level 10 in Armour
 15305 | Lair:5   | Reached skill level 5 in Dodging
 15610 | Lair:6   | Reached XP level 14. HP: 132/132 MP: 21/21
 16060 | Lair:6   | Found a staircase to the Spriggan Forest.
 16617 | Lair:6   | Received a gift from Sif Muna
 17465 | D:2      | Killed Sigmund
 17632 | D:8      | Found a burning altar of Makhleb.
 17657 | D:8      | Found an opulent altar of Gozag.
 17790 | D:8      | Noticed Prince Ribbit
 17802 | D:8      | Killed Prince Ribbit
 17986 | D:8      | Found the +7 Spriggan's Knife {stab, EV+4 Stlth+}
 17991 | D:8      | HP: 6/132 [eight-headed hydra (10)]
 18371 | D:8      | Noticed Maurice
 18386 | D:8      | Killed Maurice
 18568 | D:8      | Got a brightly glowing plate armour
 18580 | D:8      | Identified the cursed +1 plate armour "Gityfo" {rC- Int+4
                  | Stlth+} (You found it on level 8 of the Dungeon)
 18847 | D:9      | Reached ***** piety under Sif Muna
 19175 | D:9      | Found a basalt altar of Yredelemnul.
 19291 | D:9      | Found Zixeb's Assorted Antiques.
 19571 | D:10     | Entered Level 10 of the Dungeon
 19682 | D:10     | Found a staircase to the Orcish Mines.
 19682 | D:10     | Found Qovun's Weapon Emporium.
 20534 | D:11     | Reached skill level 5 in Invocations
 20574 | D:11     | Reached XP level 15. HP: 118/138 MP: 22/22
 21415 | D:11     | Found a gate to the Vaults.
 21804 | D:11     | Reached skill level 1 in Shields
 22535 | D:11     | Reached skill level 5 in Shields
 22706 | D:11     | Identified Angol's Reference Book on Companions and Curses
                  | (Sif Muna gifted it to you on level 11 of the Dungeon)
 22706 | D:11     | Received a gift from Sif Muna
 23103 | D:11     | Reached ****** piety under Sif Muna
 23725 | D:12     | Entered Level 12 of the Dungeon
 24670 | D:12     | Found a sacrificial altar of Ru.
 25012 | D:12     | Found a staircase to the Depths.
 25303 | D:12     | Reached XP level 16. HP: 104/147 MP: 23/23
 25440 | D:12     | Reached skill level 15 in Fighting
 25774 | D:12     | Identified a scroll of acquirement
 25777 | D:12     | Identified the +3 demon whip of Plunder {freeze, MR+ Dex+5}
                  | (You acquired it on level 12 of the Dungeon)
 25844 | Orc      | Entered the Orcish Mines
 25928 | Orc      | Found a roughly hewn altar of Beogh.
 25932 | Orc      | Found Cuykk's Food Emporium.
 26012 | Orc      | Found a roughly hewn altar of Beogh.
 26052 | Orc      | Found a viscous altar of Jiyva.
 26521 | Orc      | Found a roughly hewn altar of Beogh.
 26586 | Orc      | Found a roughly hewn altar of Beogh.
 26588 | Orc      | Found Kinuypti's Magic Scroll Shoppe.
 26621 | Orc      | Found a roughly hewn altar of Beogh.
 26824 | Orc      | Found a staircase to the Slime Pits.
 27026 | Orc      | Found Tast's Antique Armour Boutique.
 27027 | Orc      | Found a roughly hewn altar of Beogh.
 27030 | Orc      | Found Wuifuaw's Antique Weapon Shop.
 27167 | Orc      | Bought a scroll of acquirement for 728 gold pieces
 27167 | Orc      | Identified the +7 flail "Arbiter" {crush, MR+} (You
                  | acquired it in the Orcish Mines)
 27167 | Orc      | Identified the +1 plate armour of the Hot Ocelot {rF- rC-
                  | Regen+ rCorr} (You acquired it in the Orcish Mines)
 27167 | Orc      | Identified the ring of Iplorr {rElec rPois MR+ Str+2 Dex-3}
                  | (You acquired it in the Orcish Mines)
 27352 | Swamp:1  | Entered Level 1 of the Swamp
 27353 | Swamp:1  | Noticed a thorn hunter
 27364 | Swamp:1  | Noticed Mehrunes's ghost (journeyman SDEE)
 27395 | Swamp:1  | Noticed a thorn hunter
 27415 | Swamp:1  | Killed a thorn hunter
 27416 | Swamp:1  | Reached skill level 16 in Fighting
 28853 | Swamp:1  | Identified Sif Muna's Papyrus of the Torrid Traveller (Sif
                  | Muna gifted it to you on level 1 of the Swamp)
 28853 | Swamp:1  | Received a gift from Sif Muna
 28854 | Swamp:1  | Reached skill level 17 in Fighting
 28976 | Swamp:1  | Found a transporter.
 28992 | Swamp:1  | Found a transporter.
 29804 | Swamp:2  | Reached skill level 18 in Fighting
 30306 | Swamp:2  | Noticed a thorn hunter
 30312 | Swamp:2  | Killed a thorn hunter
 30721 | Swamp:2  | Reached XP level 17. HP: 140/166 MP: 24/24
 30965 | Swamp:2  | Reached skill level 19 in Fighting
 31233 | Snake:1  | Entered Level 1 of the Snake Pit
 32201 | Snake:1  | Reached skill level 20 in Fighting
 33522 | Orc      | Bought a scroll of summoning for 140 gold pieces
 33522 | Orc      | Bought a scroll of teleportation for 42 gold pieces
 33522 | Orc      | Bought a scroll of teleportation for 42 gold pieces
 33522 | Orc      | Bought a scroll of blinking for 105 gold pieces
 34364 | Snake:2  | Reached skill level 21 in Fighting
 35152 | Snake:3  | Entered Level 3 of the Snake Pit
 36092 | Snake:2  | Reached XP level 18. HP: 28/184 MP: 25/25
 36299 | Snake:3  | Reached skill level 22 in Fighting
 36432 | Snake:3  | HP: 9/184 [naga warrior/javelin (7)]
 36432 | Snake:3  | Hit by a javelin thrown by a naga warrior

Skill      XL: |  1  2  3  4  5  6  7  8  9 10 11 12 13 14 15 16 17 18 |
---------------+-------------------------------------------------------+-----
Evocations     | 3 5 6 10 | 10.0
Fighting       | 3 5 7 8 11 14 18 21 22 | 22.0
Hexes          | 2 |  2.0
Transmutations | 2 |  2.0
Earth Magic    | 3 |  3.0
Armour         | 2 3 6 9 10 14 | 14.0
Stealth        | 3 |  3.0
Dodging        | 1 2 3 5 8 |  8.0
Invocations    | 1 2 4 5 8 |  8.0
Maces & Flails | 1 4 8 11 15 18 | 18.0
Ice Magic      | 4 |  4.0
Shields        | 8 |  8.4
Short Blades   | |  1.5
Spellcasting   | |  2.0

Action                   |  1- 3 |  4- 6 |  7- 9 | 10-12 | 13-15 | 16-18 || total
-------------------------+-------+-------+-------+-------+-------+-------++-------
Melee: Dagger            |   148 |   322 |    75 |       |       |       ||   545
       Whip              |       |       |   235 |   664 |  1925 |    57 ||  2881
       Unarmed           |       |       |     6 |       |       |       ||     6
       Demon whip        |       |       |       |       |       |  1405 ||  1405
Throw: Stone             |       |    33 |       |       |       |       ||    33
       Tomahawk          |       |       |    64 |    42 |   160 |   158 ||   424
 Cast: Corona            |       |    20 |     8 |     7 |       |     1 ||    36
       Passwall          |       |     1 |       |       |     1 |       ||     2
       Ozocubu's Armour  |       |       |       |     1 |       |       ||     1
Invok: Channel Magic     |       |       |       |       |     1 |       ||     1
Evoke: Lamp of fire      |       |     1 |     1 |     2 |     4 |     3 ||    11
       Wand              |       |     3 |     3 |     9 |    11 |     5 ||    31
       Lightning rod     |       |       |       |       |     6 |     5 ||    11
  Use: Scroll            |     1 |     5 |     8 |     9 |    13 |    14 ||    50
       Potion            |       |     1 |     4 |     1 |    10 |     6 ||    22
 Stab: Sleeping          |     1 |       |       |       |       |       ||     1
       Petrified         |       |       |       |       |     4 |       ||     4
       Invisible         |       |       |       |       |     2 |     2 ||     4
       Distracted        |       |       |       |       |       |     1 ||     1
  Eat: Chunk             |     5 |    13 |    17 |    19 |    42 |    28 ||   124
       Ration            |       |     1 |     2 |     3 |     4 |    10 ||    20
Armor: Leather armour    |    35 |       |       |       |       |       ||    35
       Ring mail         |    15 |    45 |       |    16 |    43 |       ||   119
       Chain mail        |       |    71 |   160 |   237 |       |       ||   468
       Skin              |       |       |    21 |       |    19 |     1 ||    41
       Plate armour      |       |       |       |       |   507 |   701 ||  1208
Dodge: Dodged            |    95 |   130 |   163 |   254 |   383 |   451 ||  1476
Block: Buckler           |       |       |       |       |    89 |   399 ||   488
